 Dungeon Crawl Stone Soup version 0.20.1-1-g8b1a95d (webtiles) character file.

32 RKaid the Grave Robber (level 3, -6/26 HPs)
             Began as a Mummy Necromancer on July 31, 2017.
             Mangled by a worm (7 damage)
             ... on level 2 of the Dungeon.
             The game lasted 00:01:35 (702 turns).

RKaid the Grave Robber (Mummy Necromancer)           Turns: 702, Time: 00:01:36

Health: -6/26      AC:  2    Str: 11    XL:     3   Next: 8%
Magic:  2/7        EV: 12    Int: 15    God:
Gold:   69         SH:  0    Dex: 12    Spells: 6/8 levels left

rFire    x . .     SeeInvis .   d - -1 dagger (curse)
rCold    + . .     Gourm    .   (no shield)
rNeg     + + +     Faith    .   a - +0 robe
rPois    ∞         Spirit   .   (no helmet)
rElec    .         Reflect  .   (no cloak)
rCorr    .         Harm     .   (no gloves)
MR       .....                  (no boots)
Stlth    ++........             (no amulet)
Regen    0.1/turn               (no ring)
MPRegen  0.1/turn               (no ring)

@: no status effects
A: no food or potions, fire vulnerability, cold resistance 1, negative energy
resistance 3, torment resistance, unbreathing
a: no special abilities


You were on level 2 of the Dungeon.
You were not hungry.

You visited 1 branch of the dungeon, and saw 2 of its levels.

You collected 69 gold pieces.

Inventory:

Hand Weapons
 d - a cursed -1 dagger (weapon)
   (You took it off a goblin on level 1 of the Dungeon)
 f - a +0 hunting sling
   (You found it on level 1 of the Dungeon)
Armour
 a - a +0 robe (worn)
 e - a +2 scale mail of fire resistance
   (You found it on level 1 of the Dungeon)
 h - a cursed +0 helmet
   (You found it on level 2 of the Dungeon)
Scrolls
 c - 2 scrolls of teleportation {unknown}
 g - 3 scrolls of amnesia {unknown}
Books
 b - a book of Necromancy


   Skills:
 + Level 1.0 Fighting
 - Level 1.5 Dodging
 - Level 1.5 Stealth
 + Level 3.1 Spellcasting
 * Level 4.6 Necromancy


You had 6 spell levels left.
You knew the following spells:

 Your Spells              Type           Power        Failure   Level  Hunger
a - Pain                  Necr           ###.         3%          1    N/A
A - Animate Skeleton      Necr           N/A          3%          1    N/A

Dungeon Overview and Level Annotations

Branches:
Dungeon (1/15)

Altars:


Innate Abilities, Weirdness & Mutations

You do not eat or drink.
Your flesh is vulnerable to fire.
You are immune to poison.
Your flesh is cold resistant. (rC+)
You are immune to negative energy. (rN+++)
You are immune to unholy pain and torment.
You can survive without breathing.


Message History

The dart slug closely misses you.
Casting: Pain
Confirm with . or Enter, or press ? or * to list all spells.
Aiming: Pain
Press: ? - help, Shift-Dir - straight line, f/p - dart slug
Aim: a dart slug (heavily wounded, clinging, chance to defeat MR: 87%)
The dart slug writhes in agony!
You kill the dart slug!
Casting: Pain
Confirm with . or Enter, or press ? or * to list all spells.
You can't see any susceptible monsters within range! (Use Z to cast anyway.)
You start resting.
You now have 59 gold pieces (gained 14).
You now have 69 gold pieces (gained 10).
A kobold comes into view. It is wielding a club.
A worm comes into view.
The kobold shouts!
The kobold throws a stone.
The stone misses you.
You see here a stone.
The kobold throws a stone.
The stone closely misses you.
Casting: Pain
Confirm with . or Enter, or press ? or * to list all spells.
Aiming: Pain
Press: ? - help, Shift-Dir - straight line, f - worm
Aim: a worm (chance to defeat MR: 81%)
The worm writhes in agony!
You see here a stone.
You swap places.
The kobold throws a stone.
The stone completely misses your kobold skeleton.
The stone closely misses you. The worm bites your kobold skeleton.
You see here a stone.
The kobold throws a stone.
The stone barely misses your kobold skeleton.
The stone closely misses you.
Your kobold skeleton hits the worm with a whip.
The kobold throws a stone.
The stone barely misses your kobold skeleton.
The stone hits you but does no damage. The worm bites your kobold skeleton.
Your kobold skeleton is destroyed!
You start waiting.
Casting: Pain
Confirm with . or Enter, or press ? or * to list all spells.
Aiming: Pain
Press: ? - help, Shift-Dir - straight line, f/p - worm
Aim: a worm (chance to defeat MR: 81%)
The worm writhes in agony!
Casting: Pain
Confirm with . or Enter, or press ? or * to list all spells.
Aiming: Pain
Press: ? - help, Shift-Dir - straight line, f/p - worm
Aim: a worm (moderately wounded, chance to defeat MR: 81%)
The worm writhes in agony!
Casting: Pain
Confirm with . or Enter, or press ? or * to list all spells.
Aiming: Pain
Press: ? - help, Shift-Dir - straight line, f/p - worm
Aim: a worm (heavily wounded, chance to defeat MR: 81%)
The worm writhes in agony!
Casting: Pain
Confirm with . or Enter, or press ? or * to list all spells.
Aiming: Pain
Press: ? - help, Shift-Dir - straight line, f/p - worm
Aim: a worm (severely wounded, chance to defeat MR: 81%)
The worm barely resists.
Casting: Pain
Confirm with . or Enter, or press ? or * to list all spells.
Aiming: Pain
Press: ? - help, Shift-Dir - straight line, f/p - worm
Aim: a worm (heavily wounded, chance to defeat MR: 81%)
The worm writhes in agony!
Casting: Pain
Confirm with . or Enter, or press ? or * to list all spells.
Aiming: Pain
Press: ? - help, Shift-Dir - straight line, f/p - worm
Aim: a worm (severely wounded, chance to defeat MR: 81%)
The worm barely resists.
The worm bites you.
Casting: Pain
Confirm with . or Enter, or press ? or * to list all spells.
Aiming: Pain
Press: ? - help, Shift-Dir - straight line, f/p - worm
Aim: a worm (severely wounded, chance to defeat MR: 81%)
The worm barely resists.
The worm bites you!
You barely miss the worm. You hit the worm but do no damage.
The worm completely misses you.
You hit the worm. You hit the worm. The worm barely misses you.
You hit the worm but do no damage. The worm bites you!
* * * LOW HITPOINT WARNING * * *
You hit the worm but do no damage. You barely miss the worm.
The worm bites you!
* * * LOW HITPOINT WARNING * * *
You barely miss the worm. You hit the worm. The worm misses you.
You hit the worm but do no damage. The worm closely misses you.
You hit the worm. You hit the worm but do no damage.
The worm closely misses you.
You hit the worm. You hit the worm but do no damage. The worm misses you.
You barely miss the worm. The worm bites you!
You die...

.......# #....# ##..)#.# #.
#....# ##.##.# #. #w#..#
###.##.### #. #(# .#
.........# #. ####(# #
.###.#.#.######. #....# .#
.# #.#.......##. #.####..#
.###.###.###.##.###.###!..#
..##....%# #.##.@wK.......#
#.##########.######.....#.#
#.# #................... ..
#.###.#...##.###.##. #.#
#.....#.#.# ..# ##
#..#†#.##.# .#
.....#..###.# . #.##.##.##
#.# # #. #.# #..


You could see a worm and a kobold.

Vanquished Creatures
  An adder (D:2)
  2 oozes (D:1)
  2 dart slugs
  2 goblins (D:1)
  A quokka (D:2)
  2 bats (D:1)
  2 kobolds
12 creatures vanquished.

Notes
Turn   | Place    | Note
-------+----------+-------------------------------------------
     0 | D:1      | RKaid the Mummy Necromancer began the quest for the Orb.
     0 | D:1      | Reached XP level 1. HP: 13/13 MP: 4/4
     2 | D:1      | Learned a level 1 spell: Animate Skeleton
   180 | D:1      | Reached XP level 2. HP: 13/20 MP: 1/5
   426 | D:1      | You fall through a shaft!
   431 | D:2      | Reached skill level 1 in Fighting
   431 | D:2      | Reached skill level 3 in Spellcasting
   584 | D:2      | Reached XP level 3. HP: 26/26 MP: 5/7
   694 | D:2      | HP: 1/26 [worm (7)]
   702 | D:2      | Mangled by a worm

Skill      XL: |  1  2 |
---------------+-------+-----
Fighting       | 1 |  1.0
Spellcasting   | 3 |  3.1
Dodging        | |  1.5
Stealth        | |  1.5
Necromancy     | |  4.6

Action                   || total
-------------------------++-------
Melee: Dagger            ||    19
 Cast: Pain              ||    34
       Animate Skeleton  ||     1
Armor: Robe              ||     1
Dodge: Dodged            ||    15

Table legend:
 A = Turns spent in this place as a percentage of turns spent in the entire game.
 B = Non-inter-level travel turns spent in this place as a percentage of non-inter-level travel turns spent in the entire game.
 C = Inter-level travel turns spent in this place as a percentage of turns spent in this place.
 D = Turns resting spent in this place as a percentage of non-inter-level travel turns spent in this place.
 E = Turns spent auto-exploring this place as a percentage of non-inter-level travel turns spent in this place.
 F = Non-inter-level travel turns spent in this place divided by the number of levels of this place that you've seen.
                   A       B       C       D       E      F
               +-------+-------+-------+-------+-------+----------------------
         Total | 100.0 | 100.0 |   0.5 |  12.3 |   6.9 | 102.0
       Dungeon | 100.0 | 100.0 |   0.5 |  12.3 |   6.9 | 102.0
               +-------+-------+-------+-------+-------+----------------------

Table legend:
 A = Kills in this place as a percentage of kills in entire the game.
 B = Kills by you in this place as a percentage of kills by you in the entire game.
 C = Kills by friends in this place as a percentage of kills by friends in the entire game.
 D = Other kills in this place as a percentage of other kills in the entire game.
 E = Experience gained in this place as a percentage of experience gained in the entire game.
 F = Experience gained in this place divided by the number of levels of this place that you have seen.
                   A       B       C       D       E      F
               +-------+-------+-------+-------+-------+----------------------
         Total | 100.0 | 100.0 |  -nan |  -nan | 100.0 |  23.0
       Dungeon | 100.0 | 100.0 |  -nan |  -nan | 100.0 |  23.0
               +-------+-------+-------+-------+-------+----------------------
